 Dungeon Crawl Stone Soup version 0.30-a0-377-g5cb311bc9f (webtiles) character file.

Game seed: 1715976429084518452

215842 MackTheKnife the Bludgeoner (level 17, -2/170 HPs)
             Began as a Minotaur Cinder Acolyte on Nov 28, 2022.
             Was a High Priest of Ignis.
             Slain by a vault warden
             ... wielding a +0 war axe of venom
              (37 damage)
             ... on level 1 of the Vaults on Nov 29, 2022.
             The game lasted 01:25:52 (46772 turns).

MackTheKnife the Bludgeoner (MiCA)                 Turns: 46772, Time: 01:25:52

Health: -2/170     AC: 35    Str: 30    XL:     17   Next: 89%
Magic:  8/8        EV:  9    Int: 11    God:    Ignis [*****.]
Gold:   1578       SH: 12    Dex:  7    Spells: 18/18 levels left

rFire   + . .      SeeInvis .    g - +6 eveningstar (protect) {macerare=g}
rCold   + . .      Faith    .    H - +0 kite shield
rNeg    + + +      Spirit   .    w - +5 plate armour {Will+}
rPois   +          Reflect  .    s - +2 hat
rElec   +          Harm     .    B - scarf {repulsion}
rCorr   +          Rampage  .    J - +2 pair of gloves
Will    ++++.                    k - +2 pair of boots
Stlth   ..........               b - amulet of Geosoar {Acrobat +Blink rN+ Will+ Str-4}
HPRegen 0.48/turn                u - ring of Eteol {rPois rN++ Will+ rCorr MP-9}
MPRegen 0.11/turn                c - +6 ring of strength

@: lethally poisoned (-2 -> -7), under a protective aura, studying 2 skills,
repel missiles
A: horns 2, retaliatory headbutt, thin skeletal structure 1, cold resistance 1,
electricity resistance
}: 2/15 runes: decaying, gossamer
a: Renounce Religion, Evoke Blink, Fiery Armour, Foxfire Swarm


You were on level 1 of the Vaults.
You worshipped Ignis.
Ignis was extremely pleased with you.
You visited 7 branches of the dungeon, and saw 32 of its levels.

You collected 3002 gold pieces.
You spent 1424 gold pieces at shops.


Innate Abilities, Weirdness & Mutations

You have a pair of horns on your head.
You reflexively headbutt those who attack you in melee.
You have a somewhat thin skeletal structure. (Dex +2, Stealth+)
Your flesh is cold resistant. (rC+)
You are resistant to electric shocks. (rElec)


   Skills:
 - Level 20.0 Fighting
 - Level 20.0 Maces & Flails
 + Level 16.1 Polearms
 - Level 10.4 Armour
 - Level 8.0 Dodging
 - Level 15.0 Shields
 - Level 1.0 Spellcasting
 - Level 2.1 Fire Magic
 - Level 10.0 Evocations


You had 18 spell levels left.
You didn't know any spells.
Your spell library contained the following spells:

 Spells                   Type           Power      Damage    Failure   Level
 Scorch                   Fire           10%        2d5       94%         2
 Kiss of Death            Conj/Necr      0%         2d5       98%         1
 Magic Dart               Conj           0%         1d3       98%         1
 Momentum Strike          Conj/Tloc      0%         3d8       99%         2
 Searing Ray              Conj           0%         2d4       99%         2
 Confusing Touch          Hex            0%         N/A       100%        3
 Ignite Poison            Fire/Tmut/Pois 2%         N/A       100%        3
 Inner Flame              Hex/Fire       2%         N/A       100%        3
 Ozocubu's Armour         Ice            0%         N/A       100%        3
 Swiftness                Air            0%         N/A       100%        3
 Animate Dead             Necr           0%         N/A       100%        4
 Cause Fear               Hex            0%         N/A       100%        4
 Dispel Undead            Necr           0%         3d6       100%        4
 Fulminant Prism          Conj/Hex       0%         3d5       100%        4
 Sticky Flame             Conj/Fire      2%         2d3       100%        4
 Summon Ice Beast         Ice/Summ       0%         N/A       100%        4
 Alistair's Intoxication  Tmut/Pois      0%         N/A       100%        5
 Borgnjor's Vile Clutch   Necr/Erth      0%         N/A       100%        5
 Summon Forest            Summ/Tloc      0%         N/A       100%        5
 Summon Mana Viper        Hex/Summ       0%         N/A       100%        5
 Death Channel            Necr           0%         N/A       100%        6
 Dispersal                Tloc           0%         N/A       100%        6
 Eringya's Noxious Bog    Tmut/Pois      0%         N/A       100%        6
 Monstrous Menagerie      Summ           0%         N/A       100%        7
 Ozocubu's Refrigeration  Ice            0%         4d7       100%        7
 Summon Hydra             Summ           0%         N/A       100%        7
 Discord                  Hex            0%         N/A       100%        8
 Ignition                 Fire           2%         3d3       100%        8
 Chain Lightning          Conj/Air       0%         N/A       100%        9

Inventory:

Hand Weapons
 g - a +6 eveningstar of protection (weapon) {macerare=g}
   (You took it off Urug on level 13 of the Dungeon)
 n - the +8 demon trident "Rift" {distort, reach+, polearm}
   (You took it off a meliai on level 2 of the Spider Nest)

   It warps and distorts space around it, and may blink, banish, or inflict
   extra damage upon those it strikes.
   Unwielding it can cause banishment or high damage.
   It can reach especially far, and its reaching attacks ignore other creatures
   in the way.
Armour
 f - a +0 troll leather armour
   (You found it on level 3 of the Swamp)
 k - a +2 pair of boots (worn)
   (You found it on level 9 of the Dungeon)
 s - a +2 hat (worn)
   (You found it on level 13 of the Dungeon)
 w - a +5 plate armour of willpower (worn)
   (You took it off an orc warrior on level 2 of the Orcish Mines)
 B - a scarf of repulsion (worn)
   (You found it on level 4 of the Spider Nest)
 H - a +0 kite shield (worn)
   (You found it on level 1 of the Lair of Beasts)
 J - a +2 pair of gloves (worn)
   (You found it on level 3 of the Lair of Beasts)
 S - +0 swamp dragon scales
   (You found it on level 3 of the Swamp)
 U - +0 swamp dragon scales
   (You found it on level 4 of the Swamp)
Jewellery
 b - the amulet of Geosoar (around neck) {Acrobat +Blink rN+ Will+ Str-4}
   (You found it on level 5 of the Lair of Beasts)

   [amulet of the acrobat]

   It increases your evasion while moving and waiting.
   Str:       It affects your strength (-4).
   rN:        It protects you from negative energy.
   +Blink:    It lets you blink.
   Will:      It increases your willpower.
 c - a +6 ring of strength (right hand)
   (You found it on level 4 of the Dungeon)
 d - a ring of see invisible
   (You bought it in a shop on level 2 of the Orcish Mines)
 h - a ring of willpower
   (You found it on level 1 of the Dungeon)
 u - the ring of Eteol (left hand) {rPois rN++ Will+ rCorr MP-9}
   (You bought it in a shop on level 2 of the Orcish Mines)

   [ring of willpower]

   rPois:     It protects you from poison.
   rN:        It greatly protects you from negative energy.
   MP:        It affects your magic capacity (-9).
   rCorr:     It protects you from acid and corrosion.
   Will:      It increases your willpower.
 v - a ring of fire
   (You found it on level 4 of the Spider Nest)
 z - a ring of protection from cold
   (You found it on level 1 of the Lair of Beasts)
 M - a ring of resist corrosion
   (You found it on level 4 of the Lair of Beasts)
 R - a ring of ice
   (You took it off a spriggan on level 2 of the Swamp)
 V - an amulet of regeneration {@e2}
   (You found it on level 1 of the Spider Nest)
Wands
 a - a wand of mindburst (6)
   (You found it on level 1 of the Spider Nest)
 y - a wand of digging (10)
   (You took it off Ijyb on level 5 of the Dungeon)
 C - a wand of charming (14)
   (You found it on level 2 of the Lair of Beasts)
 O - a wand of flame (16)
   (You found it on level 12 of the Dungeon)
 T - a wand of iceblast (18)
   (You found it on level 7 of the Dungeon)
 Y - a wand of light (2)
   (You took it off Edmund on level 6 of the Dungeon)
Scrolls
 j - 11 scrolls of teleportation {@r4}
 m - 8 scrolls of blinking {!r}
 o - 6 scrolls of fear
 t - 2 scrolls of magic mapping {!r}
 A - 4 scrolls of fog
 D - 3 scrolls of immolation {!r!r}
 K - 25 scrolls of identify {@r1}
 P - 2 scrolls of silence {!r}
 W - a scroll of poison
Potions
 e - 3 potions of invisibility
 i - 4 potions of magic
 l - 6 potions of heal wounds {@q2}
 p - 8 potions of ambrosia
 q - 5 potions of flight
 r - 3 potions of berserk rage {!q}
 x - 14 potions of curing {@q1}
 E - 2 potions of resistance
 G - 4 potions of cancellation
 I - 4 potions of haste {@q3}
 L - 5 potions of might
 N - a potion of brilliance
 Q - 2 potions of attraction {!q}
Miscellaneous
 F - a lightning rod (4/4)
   (You found it on level 5 of the Lair of Beasts)

Dungeon Overview and Level Annotations

Branches:
Dungeon (15/15) Zot: 23096  Temple (0/1) D:6            Lair (5/5) D:11 Zot: 20877
  Swamp (4/4) Lair:2 Zot: 19276  Spider (4/4) Lair:2 Zot: 14282   Slime (0/5) Lair:4
    Orc (2/2) D:9 Zot: 8826     Elf (1/3) Orc:2 Zot: 5734  Vaults (1/5) D:13 Zot: 5986
 Depths (0/4) D:15

Altars:
Dithmenos
Gozag
Hepliaklqana
Kikubaaqudgha
Makhleb
Uskayaw

Shops:
D:4 :   Orc:1 *   Orc:2 ?=*!

Annotations:
D:4 2 runed translucent doors, Notanamesir's ghost, amateur TrFi
Lair:5 exclusion: oklob plant
Swamp:4 Lernaean hydra
Orc:1 Saint Roka

#########
#.......+
#.......#
#.@)....#
#.p.....#
#...<...#
#.......#
##+######


You could see a vault warden (strong).


Message History

There is a staircase back to the Dungeon here.
You climb upwards.
Welcome back to the Dungeon!
There is a staircase to the Lair here.
There is an open door here.
There is a stone staircase leading down here.
You climb downwards.
There is a stone staircase leading up here.
There is a stone staircase leading up here.
There is a stone staircase leading down here.
You climb downwards.
There is a stone staircase leading up here.
You see here 3 stones {throwing}.
There is an open gate here.
There is an open gate here.
There is an open gate, spattered with blood here.
There is an open gate, spattered with blood here.
Things that are here:
a +0 robe; a +0 dagger of pain {short}; a +4 arbalest {crossbow}
Things that are here:
a +0 robe; a +0 dagger {short}
There is a gate to the Vaults here.
You insert the decaying rune into the lock.
With a soft hiss the gate opens wide!
You go down through the gate.
Welcome to the Vaults!
This branch contains the silver rune of Zot.
The ironbound convoker shouts!
The vault guard shouts!
There is a gate leading back out of this place here.
There are monsters nearby!
Unknown command.
Unknown command.
Unknown command.
Okay, then.
Unknown command.
You block the vault guard's attack.
The vault warden unwields a +0 war axe of venom.
It stops dripping with poison.
The vault warden wields a +0 arbalest.
The vault warden shoots a bolt.
The bolt closely misses you.
You hit the ironbound convoker.
Your weapon exudes an aura of protection.
Your headbutt misses the ironbound convoker.
You bludgeon the ironbound convoker!! You headbutt the ironbound convoker!
The vault guard completely misses you.
You block the ironbound convoker's attack.
You hit the ironbound convoker. You block the vault guard's attack.
The ironbound convoker points at the vault warden and mumbles some strange words.
The vault warden seems to grow stronger.
The vault warden activates a sealing rune.
You hit the ironbound convoker. You headbutt the ironbound convoker!
You kill the ironbound convoker!
You block the vault guard's attack.
The vault warden unwields a +0 arbalest.
The vault warden wields a +0 war axe of venom.
It begins to drip with poison!
You block the vault warden's attack.
You barely miss the vault guard. The vault guard barely misses you.
You furiously retaliate!
You headbutt the vault guard! You sock the vault guard!
You headbutt the vault guard! You block the vault warden's attack.
You sock the vault guard!
The vault guard hits you with a +2 great sword of holy wrath.
The vault warden hits you with a +0 war axe of venom!!
You are poisoned. 😕 HP[-32]
You take 32 damage, and now have 138/170 hp.
You impale the vault guard!!
You kill the vault guard!
You feel very sick.
The vault warden hits you with a +0 war axe of venom! 😮 HP[-19]
You take 19 damage, and now have 119/170 hp.
You feel very sick. The vault warden closely misses you.
You furiously retaliate!
You headbutt the vault warden.
Things that are here:
a +2 great sword of holy wrath {long}; a +0 chain mail 😮 HP[-3]
You take 3 damage, and now have 116/170 hp.
You closely miss the vault warden. You headbutt the vault warden!
You feel very sick. 😮 HP[-3]
You take 3 damage, and now have 113/170 hp.
You bludgeon the vault warden!!
You headbutt the vault warden, but do no damage.
You feel sick.
The vault warden barely misses you. 😮 HP[-2]
You take 2 damage, and now have 111/170 hp.
You hit the vault warden but do no damage.
Your headbutt misses the vault warden.
You feel sick.
The vault warden hits you with a +0 war axe of venom!!!
* * * LOW HITPOINT WARNING * * *
😨 HP[-48]
You take 48 damage, and now have 63/170 hp.
MASSIVE DAMAGE!! (PAUSE)
You barely miss the vault warden.
You feel sick.
The vault warden hits you with a +0 war axe of venom!!
* * * LOW HITPOINT WARNING * * *
😱 HP[-28]
You take 28 damage, and now have 35/170 hp.
You sock the vault warden!
You feel sick.
The vault warden hits you with a +0 war axe of venom!!!
You die...

Skill      XL: |  1  2  3  4  5  6  7  8  9 10 11 12 13 14 15 16 17 |
---------------+----------------------------------------------------+-----
Fighting       | 4 5 6 7 10 12 14 17 18 20 | 20.0
Maces & Flails | 4 5 6 7 10 11 13 14 15 19 20 | 20.0
Dodging        | 8 |  8.0
Armour         | 5 10 | 10.4
Evocations     | 6 9 10 | 10.0
Shields        | 10 15 | 15.0
Polearms       | 9 16 | 16.1
Spellcasting   | |  1.0
Fire Magic     | |  2.1

Action                   |  1- 3 |  4- 6 |  7- 9 | 10-12 | 13-15 | 16-18 || total
-------------------------+-------+-------+-------+-------+-------+-------++-------
Melee: Mace              |    73 |   151 |       |       |       |       ||   224
       Headbutt          |     4 |    24 |    43 |   114 |   307 |   224 ||   716
       Punch             |     1 |     2 |     2 |       |       |       ||     5
       Flail             |       |    28 |    90 |       |       |       ||   118
       Dire flail        |       |       |   180 |   537 |  1150 |       ||  1867
       Eveningstar       |       |       |       |       |   337 |   899 ||  1236
Invok: Rising Flame      |       |       |     1 |       |       |       ||     1
 Abil: Evoke Blink       |       |       |       |       |     1 |       ||     1
Evoke: Wand              |       |       |       |     4 |    21 |     7 ||    32
       Lightning rod     |       |       |       |       |     7 |     7 ||    14
  Use: Potion            |       |     3 |     1 |     4 |     4 |     5 ||    17
       Scroll            |       |       |    22 |     8 |    14 |    11 ||    55
 Stab: Invisible         |       |       |       |       |     1 |       ||     1
Armor: Leather armour    |    10 |       |       |       |       |       ||    10
       Plate armour      |    36 |    99 |       |   160 |   817 |   681 ||  1793
       Ring mail         |       |    21 |    94 |    54 |       |       ||   169
Dodge: Dodged            |    27 |    75 |   111 |   194 |   636 |   386 ||  1429
       Repelled          |       |       |       |       |       |    15 ||    15
Block: Kite shield       |       |       |       |       |   152 |   508 ||   660

Levels and vault maps discovered:
D:1:      psy_arrival_radial01, layout_basic
D:2:      cheibrodos_greedy_goblins, layout_basic,
          wander_ebering_terrifying_dragon_lair, uniq_robin, uniq_jessica
D:3:      layout_loops_corners, nzn_hepliaklqana_mist_gate,
          nicolae_overflow_hidden_temple, chequers_mini_garden,
          minmay_misc_feat_columns, chequers_serial_rivers_small_a,
          nicolae_wormholes
D:4:      layout_cave_pods, nicolae_uskayaw_suspiria,
          nicolae_gozag_cash_rules_everything_around_me,
          ebering_ghost_disaster_area, nicolae_shop_self_help, uniq_eustachio
D:5:      layout_loops_cross, grunt_dithmenos_smoke_and_mirrors, uniq_ijyb
D:6:      layout_layer_cave, temple_hall, kennysheep_generic_room_7, uniq_edmund
D:7:      layout_loops_corners, nicolae_kikubaaqudgha_miasma_corner,
          corner_web_ring, chequers_serial_rivers_room_a, minmay_holes
D:8:      layout_rooms
D:9:      layout_loops_corners, erik_orc_3, minmay_hedge_maze,
          nicolae_zen_rock_garden
D:10:     minmay_twisted_water, layout_basic, uniq_erica
D:11:     layout_stronghold, lair_entry_dummy, uniq_psyche
D:12:     layout_basic
D:13:     layout_basic, grunt_vaults_entry_tiered,
          portal_ice_cave_entry_ice_simulacra, ebering_ghost_rock_garden,
          grunt_ministairs_8, uniq_urug, uniq_nessos
D:14:     layout_basic, minmay_misc_feat_ornament, minmay_fountain_box
D:15:     hangedman_depths_entry_try_elsewhere_first, layout_loops_corners,
          serial_park_square1 [serial_park_minivault_5x5_8]
Lair:1:   layout_regular_city
Lair:2:   layout_roguey, palyth_hydra_swamp_entry,
          nicolae_spider_entry_tight_spaces, serial_bayou_shore_b,
          lemuel_fruit_fields
Lair:3:   layout_roguey, beast_lair_carwin_6, serial_bayou_shore_b,
          serial_bayou_shore_b, infiniplex_staircase_pool_2
Lair:4:   layout_big_grid, minmay_slime_entry_pillars,
          grunt_forest_small_clearing_treed, lemuel_fruit_tree, uniq_kirke
Lair:5:   minmay_lair_end_enchanted_forest, layout_regular_city,
          grunt_megastairs_3
Swamp:1:  layout_falls_marsh, evilmike_swamp_ruin_house_3, uniq_jorgrun
Swamp:2:  layout_basic_swamp, evilmike_swamp_ruin_rubble_2, uniq_louise
Swamp:3:  layout_falls_marsh, evilmike_swamp_ruin_house_1, swamp_pool3
Swamp:4:  swamp_old_school, layout_basic_swamp, swamp_pool1,
          infiniplex_staircase_pool
Spider:1: layout_spider_delve, uniq_azrael
Spider:2: layout_spider_delve, hellmonk_motheaten_closet, uniq_agnes
Spider:3: layout_cave_pods, einodemon_crawler_minivault, uniq_mlioglotl
Spider:4: spider_rune_water, drop_trap
Orc:1:    layout_diamond_mine, nicolae_shop_clearance
Orc:2:    st_orc_pillars, layout_diamond_mine, uniq_saint_roka
Elf:1:    eino_elf_arrival_altar, layout_geoelf_octagon, minmay_elf_sorcery,
          roderic_lattice_octagonal_star, uniq_aizul
Vaults:1: grunt_vaults_hallway_long, v_misc_3, nicolae_vaults_puzzle_piece,
          ontoclasm_vaults_decontamination, ontoclasm_vaults_pinch,
          hangedman_vaults_unwind, hangedman_vaults_slither,
          nicolae_vaults_little_squares_3, hangedman_vaults_slice,
          ontoclasm_vaults_gateway, layout_vaults_big_cross, serial_shops,
          nicolae_shop_window_shopping, nicolae_diamond_shop, shop, shop,
          nicolae_shop_crystal

Notes
Turn   | Place    | Note
-------+----------+-------------------------------------------
     0 | D:1      | MackTheKnife the Minotaur Cinder Acolyte began the quest
                  | for the Orb.
     0 | D:1      | Reached XP level 1. HP: 19/19 MP: 1/1
     0 | D:1      | magus.rc [v1.9.6]
   204 | D:1      | Reached skill level 4 in Fighting
   204 | D:1      | Reached skill level 4 in Maces & Flails
   211 | D:1      | Reached XP level 2. HP: 26/27 MP: 2/2
  1313 | D:2      | Noticed Robin
  1321 | D:2      | Reached XP level 3. HP: 27/34 MP: 3/3
  1322 | D:2      | Killed Robin
  1490 | D:2      | Noticed Jessica
  1493 | D:2      | Killed Jessica
  1494 | D:2      | Reached skill level 5 in Fighting
  1494 | D:2      | Reached skill level 5 in Maces & Flails
  1494 | D:2      | Reached XP level 4. HP: 42/42 MP: 4/4
  1523 | D:2      | You pick up a book of Hexes and begin reading...
  1523 | D:2      | You add the spells Inner Flame, Cause Fear and Discord to
                  | your library.
  2390 | D:3      | You add the spells Momentum Strike, Swiftness, Dispersal
                  | and Chain Lightning to your library.
  2390 | D:3      | Got the Folio of the Airy Compass
  2596 | D:3      | Reached XP level 5. HP: 43/48 MP: 5/5
  2955 | D:3      | Identified the +0 ring mail of the Cooper {rElec rF+}
  3045 | D:3      | Found a burning altar of Makhleb.
  3247 | D:3      | Found a hazy altar of Hepliaklqana.
  3557 | D:4      | Found a hide-covered altar of Uskayaw.
  3574 | D:4      | Found a large runed translucent door.
  3575 | D:4      | Found a large runed translucent door.
  3577 | D:4      | Noticed Notanamesir's ghost (amateur TrFi)
  3682 | D:4      | Found Vausymu's Self-Improvement Boutique.
  3746 | D:4      | Noticed Eustachio
  3752 | D:4      | Reached skill level 6 in Fighting
  3752 | D:4      | Reached skill level 6 in Maces & Flails
  3907 | D:5      | Entered Level 5 of the Dungeon
  3917 | D:4      | Reached XP level 6. HP: 51/58 MP: 6/6
  3933 | D:4      | HP: 8/58 [white imp/puff of frost[Eustachio] (10)]
  3934 | D:4      | HP: 3/58 [white imp[Eustachio] (5)]
  3944 | D:4      | HP: 14/58 [white imp[Eustachio] (3)]
  3945 | D:4      | HP: 6/58 [river rat[Eustachio] (5)]
  3946 | D:4      | Killed Eustachio
  4270 | D:4      | Found an opulent altar of Gozag.
  4548 | D:4      | Reached skill level 7 in Maces & Flails
  4779 | D:5      | Reached XP level 7. HP: 64/64 MP: 7/7
  4799 | D:5      | You add the spells Ozocubu's Armour and Ozocubu's
                  | Refrigeration to your library.
  4832 | D:5      | Reached skill level 8 in Maces & Flails
  5311 | D:5      | Reached skill level 9 in Maces & Flails
  5339 | D:5      | Found a shadowy altar of Dithmenos.
  5838 | D:5      | Noticed Ijyb
  5841 | D:5      | Killed Ijyb
  5842 | D:5      | Reached skill level 10 in Maces & Flails
  5991 | D:6      | Noticed Edmund
  6018 | D:6      | Killed Edmund
  6019 | D:6      | Reached XP level 8. HP: 39/71 MP: 8/8
  6383 | D:6      | Reached skill level 11 in Maces & Flails
  6687 | D:6      | HP: 17/71 [cloud of flame (3)]
  6689 | D:6      | HP: 8/71 [cloud of flame (4)]
  6691 | D:6      | HP: 1/71 [cloud of flame (5)]
  7165 | D:6      | Identified a scroll of acquirement
  7165 | D:6      | Acquired a manual of Dodging
  7202 | D:6      | Reached skill level 3 in Dodging
  7337 | D:6      | Found a staircase to the Ecumenical Temple.
  7456 | D:6      | Reached skill level 4 in Dodging
  7465 | D:6      | Reached skill level 5 in Dodging
  7561 | D:6      | Reached skill level 6 in Dodging
  7903 | D:7      | Noticed a hornet
  7956 | D:7      | Reached skill level 7 in Dodging
  8058 | D:7      | Reached skill level 8 in Dodging
  8123 | D:7      | Paralysed by a hornet for 2 turns
  8126 | D:7      | Killed a hornet
  8127 | D:7      | Reached skill level 7 in Fighting
  8127 | D:7      | Reached XP level 9. HP: 48/79 MP: 9/9
  8253 | D:7      | Found an ancient bone altar of Kikubaaqudgha.
  8868 | D:7      | Reached skill level 12 in Maces & Flails
  9107 | D:7      | Reached skill level 8 in Fighting
  9672 | D:8      | Paralysed by a hornet for 1 turns
  9675 | D:8      | Reached skill level 9 in Fighting
  9902 | D:9      | Reached skill level 13 in Maces & Flails
 10035 | D:9      | Found a staircase to the Orcish Mines.
 10036 | D:9      | Noticed a two-headed ogre
 10052 | D:9      | Killed a two-headed ogre
 10053 | D:9      | Reached skill level 10 in Fighting
 10053 | D:9      | Reached XP level 10. HP: 78/93 MP: 10/10
 11205 | D:10     | Entered Level 10 of the Dungeon
 11286 | D:10     | You add the spells Summon Forest, Eringya's Noxious Bog and
                  | Summon Hydra to your library.
 11529 | D:10     | Reached skill level 14 in Maces & Flails
 11538 | D:10     | Reached skill level 11 in Fighting
 11715 | D:10     | Noticed Erica
 11801 | D:10     | Reached skill level 1 in Armour
 11896 | D:10     | Reached skill level 2 in Armour
 11934 | D:10     | Reached skill level 3 in Armour
 11941 | D:10     | Reached skill level 12 in Fighting
 11949 | D:10     | Reached skill level 4 in Armour
 12178 | D:10     | Killed Erica
 12206 | D:10     | Reached skill level 5 in Armour
 12385 | D:10     | Reached XP level 11. HP: 95/105 MP: 11/11
 12973 | D:11     | Gained mutation: You are partially covered in iridescent
                  | scales. (AC +2) [potion of mutation]
 12973 | D:11     | Gained mutation: Your mind is acute. (Int +4, Str/Dex -1)
                  | [potion of mutation]
 12973 | D:11     | Gained mutation: You expend magic power (3 MP) to
                  | strengthen your wands. [potion of mutation]
 12974 | D:11     | Lost mutation: You expend magic power (3 MP) to strengthen
                  | your wands. [potion of mutation]
 12974 | D:11     | Lost mutation: Your mind is acute. (Int +4, Str/Dex -1)
                  | [potion of mutation]
 12974 | D:11     | Lost mutation: You are partially covered in iridescent
                  | scales. (AC +2) [potion of mutation]
 12974 | D:11     | Gained mutation: Your body sometimes deteriorates upon
                  | taking damage. [potion of mutation]
 12974 | D:11     | Gained mutation: Potions are less effective at restoring
                  | your health. [potion of mutation]
 12974 | D:11     | Gained mutation: You have hidden genetic potential. [potion
                  | of mutation]
 12975 | D:11     | Lost mutation: Potions are less effective at restoring your
                  | health. [potion of mutation]
 12975 | D:11     | Lost mutation: You have hidden genetic potential. [potion
                  | of mutation]
 12975 | D:11     | Gained mutation: You have a somewhat thin skeletal
                  | structure. (Dex +2, Stealth+) [potion of mutation]
 12975 | D:11     | Gained mutation: Armour fits poorly on your strangely
                  | shaped body. [potion of mutation]
 12975 | D:11     | Gained mutation: You are resistant to electric shocks.
                  | (rElec) [potion of mutation]
 13076 | D:11     | Reached skill level 6 in Armour
 13122 | D:11     | Noticed Psyche
 13123 | D:11     | Killed Psyche
 13153 | D:11     | Found a staircase to the Lair.
 13322 | D:11     | Reached skill level 13 in Fighting
 13659 | D:11     | You pick up a book of Touch and begin reading...
 13659 | D:11     | You add the spells Kiss of Death, Confusing Touch and
                  | Dispel Undead to your library.
 13812 | Lair:1   | Entered Level 1 of the Lair of Beasts
 13894 | Lair:1   | Reached skill level 7 in Armour
 13907 | Lair:1   | HP: 19/107 [yak (11)]
 14161 | Lair:1   | Identified the +10 scimitar "Zufolab" {drain, rPois rC+}
 14435 | D:11     | Noticed a boulder beetle
 14456 | D:11     | Killed a boulder beetle
 14457 | D:11     | Reached skill level 8 in Armour
 14615 | Lair:1   | Reached skill level 14 in Fighting
 14618 | Lair:1   | HP: 25/110 [poisoned by a cane toad]
 14623 | Lair:1   | HP: 17/110 [poisoned by a cane toad]
 14959 | Lair:1   | Reached skill level 9 in Armour
 15870 | Lair:2   | Reached skill level 10 in Armour
 15874 | Lair:2   | Reached XP level 12. HP: 116/118 MP: 12/12
 15887 | Lair:2   | Reached skill level 15 in Fighting
 16099 | Lair:2   | Reached skill level 1 in Evocations
 16189 | Lair:2   | You pick up a book of Beasts and begin reading...
 16189 | Lair:2   | You add the spells Summon Ice Beast, Summon Mana Viper and
                  | Monstrous Menagerie to your library.
 16253 | Lair:2   | Noticed a six-headed hydra
 16261 | Lair:2   | Killed a six-headed hydra
 16262 | Lair:2   | Reached skill level 2 in Evocations
 16269 | Lair:2   | Noticed a four-headed hydra
 16279 | Lair:2   | Killed a four-headed hydra
 16405 | Lair:2   | Found a hole to the Spider Nest.
 16415 | Lair:2   | Noticed an eight-headed hydra
 16432 | Lair:2   | Killed an eight-headed hydra
 16433 | Lair:2   | Reached skill level 3 in Evocations
 16458 | Lair:2   | Lost mutation: Your body sometimes deteriorates upon taking
                  | damage. [potion of mutation]
 16458 | Lair:2   | Lost mutation: Armour fits poorly on your strangely shaped
                  | body. [potion of mutation]
 16458 | Lair:2   | Gained mutation: Your flesh is cold resistant. (rC+)
                  | [potion of mutation]
 17097 | Lair:2   | Reached skill level 4 in Evocations
 17105 | Lair:2   | Reached skill level 16 in Fighting
 17403 | Lair:2   | Noticed an eight-headed hydra
 17411 | Lair:2   | Killed an eight-headed hydra
 17412 | Lair:2   | Reached skill level 5 in Evocations
 17879 | Lair:2   | Found a staircase to the Swamp.
 18039 | Lair:3   | Reached skill level 6 in Evocations
 18117 | Lair:3   | Reached skill level 17 in Fighting
 18141 | Lair:3   | Reached XP level 13. HP: 132/132 MP: 13/13
 18229 | Lair:3   | Reached skill level 7 in Evocations
 18482 | Lair:3   | You add the spells Alistair's Intoxication and Borgnjor's
                  | Vile Clutch to your library.
 19213 | Lair:4   | Noticed Kirke
 19330 | Lair:4   | Killed Kirke
 19492 | Lair:4   | Found a staircase to the Slime Pits.
 19524 | Lair:4   | Reached skill level 18 in Fighting
 19524 | Lair:4   | Reached skill level 8 in Evocations
 20237 | Lair:5   | Entered Level 5 of the Lair of Beasts
 20482 | Lair:5   | Reached skill level 15 in Maces & Flails
 20650 | Lair:5   | Reached skill level 9 in Evocations
 21040 | Lair:5   | Identified the amulet of Geosoar {Acrobat +Blink rN+ Will+
                  | Str-4}
 21339 | Lair:5   | Identified the +3 quarterstaff "Kuacyts" {drain, Fragile
                  | rC+++ Will- SInv}
 21488 | Lair:5   | Reached XP level 14. HP: 138/144 MP: 14/14
 21564 | Lair:5   | Paralysed by a hornet for 3 turns
 21647 | Lair:5   | Reached skill level 16 in Maces & Flails
 21651 | Lair:5   | Reached skill level 10 in Evocations
 22580 | Orc:1    | Entered Level 1 of the Orcish Mines
 22910 | Orc:1    | Found Vouliph's CLEARANCE SALE!.
 23037 | Orc:2    | Entered Level 2 of the Orcish Mines
 23093 | Orc:2    | Reached skill level 17 in Maces & Flails
 23383 | Orc:2    | Noticed Saint Roka
 23598 | Orc:2    | Found a staircase to the Elven Halls.
 23628 | Elf:1    | Entered Level 1 of the Elven Halls
 25039 | Orc:2    | Reached skill level 18 in Maces & Flails
 25850 | Orc:2    | Found Rosote's Magic Scroll Boutique.
 25851 | Orc:2    | Found Umposoac's Assorted Antiques.
 25851 | Orc:2    | Found Currefee's Jewellery Boutique.
 25852 | Orc:2    | Found Tigynlabb's Distillery.
 25861 | Orc:2    | Bought the ring of Eteol {rPois rN++ Will+ rCorr MP-9} for
                  | 534 gold pieces
 25864 | Orc:2    | Bought a scroll of enchant weapon for 112 gold pieces
 25864 | Orc:2    | Bought a scroll of blinking for 112 gold pieces
 25864 | Orc:2    | Bought a scroll of teleportation for 45 gold pieces
 25864 | Orc:2    | Bought a scroll of magic mapping for 112 gold pieces
 25867 | Orc:2    | Bought a ring of see invisible for 240 gold pieces
 25869 | Orc:2    | Bought a potion of heal wounds for 115 gold pieces
 25870 | Orc:2    | Bought a potion of heal wounds for 70 gold pieces
 25870 | Orc:2    | Bought a potion of curing for 42 gold pieces
 25870 | Orc:2    | Bought a potion of curing for 42 gold pieces
 26150 | D:12     | Reached skill level 19 in Maces & Flails
 27290 | D:13     | You fall into a shaft and drop 2 floors!
 27290 | D:15     | Entered Level 15 of the Dungeon
 27720 | D:14     | You add the spells Ignite Poison, Sticky Flame and Ignition
                  | to your library.
 28074 | D:13     | Reached XP level 15. HP: 145/150 MP: 6/15
 28147 | D:13     | Reached skill level 20 in Maces & Flails
 28171 | D:13     | Found a gate to the Vaults.
 28302 | D:13     | Noticed Nessos
 28314 | D:13     | Killed Nessos
 28480 | D:13     | Noticed Urug
 28489 | D:13     | Killed Urug
 28490 | D:13     | Reached skill level 19 in Fighting
 28491 | D:13     | g - a +2 eveningstar of protection {macerare=g}
 28558 | D:13     | Found a runed translucent gate.
 28558 | D:13     | Found a runed translucent gate.
 28560 | D:13     | Found a runed translucent gate.
 28560 | D:13     | Noticed Rirphuq's ghost (journeyman DECj)
 28886 | D:13     | Killed Rirphuq's ghost
 28898 | D:13     | magus.rc [v1.9.6]
 29329 | D:15     | You pick up a book of Beasts and begin reading...
 30275 | D:15     | Reached skill level 20 in Fighting
 30337 | D:15     | your +2 eveningstar of protection {macerare=g} hums with
                  | potential!
 30337 | D:15     | g - a +2 eveningstar of protection (weapon) {macerare=g}
 30338 | D:15     | Your damage rating with your +2 eveningstar of protection
                  | {macerare=g} is about 43 (Base 15 x 147% (Str) x 186%
                  | (Skill) + 2 (Ench)).
 30706 | D:15     | Reached skill level 1 in Shields
 30714 | D:15     | Reached skill level 2 in Shields
 30770 | D:15     | Found a staircase to the Depths.
 31150 | Swamp:1  | Entered Level 1 of the Swamp
 31150 | Swamp:1  | Noticed Jorgrun
 31169 | Lair:2   | HP: 30/155 [Jorgrun/iron shot (36)]
 31589 | Spider:1 | Entered Level 1 of the Spider Nest
 31631 | Spider:1 | your +2 eveningstar of protection {macerare=g} glows red
                  | for a moment.
 31632 | Spider:1 | your +3 eveningstar of protection {macerare=g} glows red
                  | for a moment.
 31633 | Spider:1 | your +4 eveningstar of protection {macerare=g} glows red
                  | for a moment.
 31636 | Spider:1 | Your damage rating with your +5 eveningstar of protection
                  | {macerare=g} is about 46 (Base 15 x 147% (Str) x 186%
                  | (Skill) + 5 (Ench)).
 31640 | Spider:1 | Reached skill level 3 in Shields
 31649 | Spider:1 | Your damage rating with your +5 eveningstar of protection
                  | {macerare=g} is about 46 (Base 15 x 147% (Str) x 186%
                  | (Skill) + 5 (Ench)).
 31728 | Spider:1 | Reached skill level 4 in Shields
 32076 | Spider:1 | Reached skill level 5 in Shields
 32288 | Spider:1 | Noticed Azrael
 32315 | Spider:1 | HP: 32/155 [Azrael/damnation (41)]
 32319 | Spider:1 | Killed Azrael
 32617 | Spider:1 | Reached skill level 6 in Shields
 33207 | Spider:1 | Reached skill level 7 in Shields
 33985 | Spider:2 | Reached skill level 8 in Shields
 33997 | Spider:2 | Noticed Agnes
 34005 | Spider:2 | Killed Agnes
 34833 | Spider:2 | Reached skill level 9 in Shields
 35277 | Spider:2 | Identified the +2 robe of Tartarus {rF- MP+9 Str-4
                  | Archmagi}
 35331 | Spider:2 | Reached skill level 10 in Shields
 35418 | Spider:1 | Reached XP level 16. HP: 88/162 MP: 7/16
 36034 | Spider:2 | Reached skill level 11 in Shields
 36316 | Spider:2 | Identified the +1 scale mail "Afubur" {rF++}
 36462 | Spider:2 | HP: 35/162 [meliai/divine providence (15)]
 36736 | Spider:2 | Aim: a meliai, wielding the +8 demon trident "Rift"
                  | {distort, reach+} and wearing a +0 robe
 36736 | Spider:2 | Aim: a meliai, wielding the +8 demon trident "Rift"
                  | {distort, reach+} and wearing a +0 robe
 36867 | Spider:2 | Reached skill level 12 in Shields
 37215 | Spider:2 | HP: 38/162 [poisoned by a redback]
 37220 | Spider:2 | HP: 27/162 [poisoned by a redback]
 37225 | Spider:2 | HP: 24/162 [poisoned by a redback]
 37686 | Spider:3 | Noticed Mlioglotl
 37703 | Spider:3 | Killed Mlioglotl
 37794 | Spider:3 | Reached skill level 13 in Shields
 38862 | Spider:3 | Reached skill level 14 in Shields
 39222 | Spider:3 | Identified the +11 mace of Responsibility {vorpal, rC+
                  | rCorr SInv}
 39453 | Spider:4 | Entered Level 4 of the Spider Nest
 39638 | Spider:4 | Reached skill level 15 in Shields
 39840 | Spider:4 | Reached skill level 1 in Polearms
 39856 | Spider:4 | Reached skill level 2 in Polearms
 40055 | Spider:4 | Reached skill level 3 in Polearms
 40078 | Spider:4 | Reached skill level 4 in Polearms
 40261 | Spider:4 | Reached skill level 5 in Polearms
 40402 | Spider:4 | Paralysed by a jorogumo for 2 turns
 40431 | Spider:4 | Reached skill level 6 in Polearms
 40769 | Spider:4 | Your damage rating with your +5 eveningstar of protection
                  | {macerare=g} is about 47 (Base 15 x 150% (Str) x 186%
                  | (Skill) + 5 (Ench)).
 40800 | Spider:4 | Your damage rating with your +5 eveningstar of protection
                  | {macerare=g} is about 47 (Base 15 x 150% (Str) x 186%
                  | (Skill) + 5 (Ench)).
 40899 | Spider:4 | Reached skill level 7 in Polearms
 41265 | Spider:4 | Reached skill level 8 in Polearms
 41275 | Spider:4 | HP: 36/162 [emperor scorpion (7)]
 41278 | Spider:4 | HP: 17/162 [poisoned by an emperor scorpion]
 41619 | Spider:4 | Reached skill level 9 in Polearms
 41619 | Spider:4 | Reached XP level 17. HP: 163/170 MP: 8/17
 41678 | Spider:4 | Got a gossamer rune of Zot
 41901 | Lair:2   | Killed Jorgrun
 42100 | Swamp:1  | Reached skill level 10 in Polearms
 42485 | Swamp:1  | magus.rc [v1.9.6]
 42586 | Swamp:1  | Reached skill level 11 in Polearms
 43194 | Swamp:2  | Reached skill level 12 in Polearms
 43302 | Swamp:2  | Noticed Louise
 43325 | Swamp:2  | Killed Louise
 43488 | Swamp:2  | Reached skill level 13 in Polearms
 43496 | Swamp:2  | HP: 40/170 [poisoned by a spriggan rider]
 43881 | Swamp:2  | You pick up a book of Unlife and begin reading...
 43881 | Swamp:2  | You add the spells Animate Dead and Death Channel to your
                  | library.
 44235 | Swamp:3  | your +5 eveningstar of protection {macerare=g} glows red
                  | for a moment.
 44789 | Swamp:3  | You pick up a book of Conjurations {@e2} and begin
                  | reading...
 44789 | Swamp:3  | You add the spells Magic Dart, Searing Ray and Fulminant
                  | Prism to your library.
 44878 | Swamp:4  | Entered Level 4 of the Swamp
 44883 | Swamp:4  | Reached skill level 14 in Polearms
 45647 | Swamp:4  | Reached skill level 15 in Polearms
 46164 | Swamp:4  | Noticed the 27-headed Lernaean hydra
 46404 | Swamp:4  | Reached skill level 16 in Polearms
 46442 | Swamp:4  | Got a decaying rune of Zot
 46757 | Vaults:1 | Entered Level 1 of the Vaults
 46771 | Vaults:1 | HP: 35/170 [vault warden/+0 war axe of venom (26)]
 46772 | Vaults:1 | Slain by a vault warden

Vanquished Creatures
  Jorgrun (Lair:2)
  Mlioglotl (Spider:3)
  4 thorn hunters
  Agnes (Spider:2)
  A fenstrider witch (Swamp:1)
  Kirke (Lair:4)
  An emperor scorpion (Spider:4)
  7 ghost moths
  Louise (Swamp:2)
  2 broodmothers
  6 spark wasps
  Nessos (D:13)
  2 eleionomae
  Azrael (Spider:1)
  5 bunyips
  2 entropy weavers
  A shambling mangrove (Swamp:4)
  31 hydras
  2 vault guards
  The ghost of Rirphuq the Nimble, a journeyman DECj of Sif Muna (D:13)
  2 ghost crabs
  2 radroaches
  Erica (D:10)
  2 two-headed ogres
  3 centaur warriors
  9 boulder beetles
  6 alligators
  5 jorogumos
  5 orc high priests (Orc:2)
  Urug (D:13)
  17 spriggans
  4 sun moths
  5 skeletal warriors
  2 goliath frogs
  2 pharaoh ants
  4 spriggan druids
  3 steelbarb worms
  10 orb spiders
  5 bog bodies
  An ironbound convoker (Vaults:1)
  5 swamp dragons
  2 wizards (D:13)
  9 orc knights
  A necromancer (D:13)
  An orc sorcerer (Orc:2)
  4 will-o-the-wisps
  13 wolf spiders
  A deep elf pyromancer (D:15)
  4 ugly things
  A salamander (D:15)
  11 elephants
  2 moths of wrath
  4 cyclopes
  2 black mambas
  4 torpor snails
  An unseen horror (shapeshifter) (D:15)
  2 gargoyles
  15 komodo dragons
  21 cane toads
  7 demonic crawlers
  A yaktaur (D:13)
  2 efreet (D:14)
  A rime drake (Lair:3)
  Psyche (D:11)
  3 freezing wraiths
  6 trolls
  9 meliai
  3 polar bears
  17 hornets
  11 slime creatures
  17 blink frogs
  8 tyrant leeches
  18 tarantellas
  7 dream sheep (Lair:5)
  A dream sheep (shapeshifter) (D:15)
  3 vampires
  31 jumping spiders
  A shadow (D:11)
  22 culicivoras
  4 wyverns
  Eustachio (D:4)
  50 yaks
  8 basilisks
  A fire elemental (Spider:1)
  19 humans (D:13)
  A hog (Lair:4)
  50 redbacks
  5 vampire mosquitoes
  Edmund (D:6)
  16 swamp worms
  3 wargs
  3 acid dragons
  5 hell hounds (Spider:1)
  33 orc warriors
  12 water moccasins
  6 swamp drakes (Swamp:4)
  2 sky beasts
  6 black bears
  8 ice beasts
  5 ogres
  7 boggarts
  29 wolves
  10 centaurs
  A necrophage (D:5)
  7 bullfrogs
  A two-headed ogre simulacrum (D:13)
  3 scorpions
  A cane toad simulacrum (D:13)
  4 killer bees (D:6)
  4 howler monkeys (D:9)
  2 electric eels
  6 hounds
  2 jellies (Lair:4)
  29 orc priests
  4 gnoll boudas
  2 iguanas (D:5)
  Jessica (D:2)
  Ijyb (D:5)
  24 orc wizards
  A troll simulacrum (D:13)
  3 spriggan simulacra (D:13)
  A wolf simulacrum (D:13)
  Robin (D:2)
  27 gnolls
  7 adders
  A naga simulacrum (D:13)
  A shadow imp (D:7)
  2 white imps (D:5)
  7 worms
  3 dart slugs
  90 orcs
  5 ball pythons
  4 bats
  6 endoplasms
  2 giant cockroaches
  13 goblins
  13 hobgoblins
  5 jackals
  9 kobolds
  2 quokkas
  3 frilled lizards
  4 rats
  3 briar patches
1023 creatures vanquished.

Vanquished Creatures (collateral kills)
  A culicivora (Spider:1)
  4 redbacks (Spider:1)
5 creatures vanquished.

Vanquished Creatures (others)
  A swamp drake (Swamp:1)
  A briar patch (Swamp:3)
  14 foxfires
  30 fungi
  47 plants
93 creatures vanquished.

Grand Total: 1121 creatures vanquished

Table legend:
 A = Non-vault XP
 B = Vault XP
 C = Vault XP percentage of total XP
 D = Non-vault monster count
 E = Vault monster count
 F = Vault count percentage of total count
                 A         B        C        D         E       F
            +---------+---------+-------+---------+---------+-------
      Total |  188110 |   93995 |  33.3 |     694 |     331 |  32.3
            +---------+---------+-------+---------+---------+-------
        D:1 |      20 |       0 |   0.0 |      13 |       0 |   0.0
        D:2 |      37 |      91 |  71.1 |      12 |      22 |  64.7
        D:3 |      98 |       5 |   4.9 |      24 |       1 |   4.0
        D:4 |     263 |     207 |  44.0 |      18 |       2 |  10.0
        D:5 |     649 |      35 |   5.1 |      26 |       1 |   3.7
        D:6 |     922 |     177 |  16.1 |      19 |       4 |  17.4
        D:7 |    1040 |       0 |   0.0 |      23 |       0 |   0.0
        D:8 |    1086 |       0 |   0.0 |      15 |       0 |   0.0
        D:9 |    1442 |     350 |  19.5 |      13 |      13 |  50.0
       D:10 |    3001 |    1757 |  36.9 |      23 |       8 |  25.8
       D:11 |    2766 |     346 |  11.1 |      13 |       1 |   7.1
       D:12 |    4927 |       0 |   0.0 |      17 |       0 |   0.0
       D:13 |    3283 |   10519 |  76.2 |       7 |      37 |  84.1
       D:14 |    4359 |       0 |   0.0 |      12 |       0 |   0.0
       D:15 |   10325 |    1391 |  11.9 |      21 |       3 |  12.5
     Lair:1 |    6099 |       0 |   0.0 |      28 |       0 |   0.0
     Lair:2 |    9299 |    6375 |  40.7 |      32 |      16 |  33.3
     Lair:3 |    7265 |    3075 |  29.7 |      23 |       9 |  28.1
     Lair:4 |    7128 |    2147 |  23.1 |      25 |       6 |  19.4
     Lair:5 |    8104 |   12501 |  60.7 |      28 |      52 |  65.0
    Swamp:1 |   15686 |       0 |   0.0 |      22 |       0 |   0.0
    Swamp:2 |   13222 |    1142 |   8.0 |      22 |       1 |   4.3
    Swamp:3 |    7250 |     758 |   9.5 |      12 |       1 |   7.7
    Swamp:4 |   10507 |   13824 |  56.8 |      19 |      22 |  53.7
   Spider:1 |   14233 |    1924 |  11.9 |      42 |       7 |  14.3
   Spider:2 |   19621 |    2665 |  12.0 |      56 |       3 |   5.1
   Spider:3 |   13451 |    5225 |  28.0 |      29 |       8 |  21.6
   Spider:4 |   14927 |   17307 |  53.7 |      29 |      41 |  58.6
      Orc:1 |    2465 |     277 |  10.1 |      27 |       1 |   3.6
      Orc:2 |    3077 |   10728 |  77.7 |      42 |      68 |  61.8
      Elf:1 |       0 |    1169 | 100.0 |       0 |       4 | 100.0
   Vaults:1 |    1558 |       0 |   0.0 |       2 |       0 |   0.0
            +---------+---------+-------+---------+---------+-------

Illustrated notes

Table legend:
 A = Kills in this place as a percentage of kills in entire the game.
 B = Kills by you in this place as a percentage of kills by you in the entire game.
 C = Kills by friends in this place as a percentage of kills by friends in the entire game.
 D = Other kills in this place as a percentage of other kills in the entire game.
 E = Experience gained in this place as a percentage of experience gained in the entire game.
 F = Experience gained in this place divided by the number of levels of this place that you have seen.
                   A       B       C       D       E      F
               +-------+-------+-------+-------+-------+----------------------
         Total | 100.0 | 100.0 | 100.0 |   N/A | 100.0 | 8815.8
       Dungeon |  34.0 |  34.1 |   0.0 |   N/A |  17.4 | 3273.1
          Lair |  21.4 |  21.5 |   0.0 |   N/A |  22.0 | 12398.6
         Swamp |   9.7 |   9.7 |   0.0 |   N/A |  22.1 | 15597.2
   Spider Nest |  21.0 |  20.6 | 100.0 |   N/A |  31.7 | 22338.2
  Orcish Mines |  13.5 |  13.5 |   0.0 |   N/A |   5.9 | 8273.5
   Elven Halls |   0.4 |   0.4 |   0.0 |   N/A |   0.4 | 1169.0
        Vaults |   0.2 |   0.2 |   0.0 |   N/A |   0.6 | 1558.0
               +-------+-------+-------+-------+-------+----------------------

Table legend: (Time is in decaauts)
 A = Elapsed time spent in this place.
 B = Non-inter-level travel time spent in this place.
 C = Inter-level travel time spent in this place.
 D = Time resting spent in this place.
 E = Time spent auto-exploring this place.
 F = Levels seen in this place.
 G = Mean time per level.
                   A        B        C        D        E       F      G
               +--------+--------+--------+--------+--------+-----+--------+
         Total |  46159 |  42580 |   3579 |  13715 |  20985 |  32 | 1442.5 |
       Dungeon |  19144 |  17709 |   1435 |   2963 |  12089 |  15 | 1276.3 |
          Lair |   9122 |   8394 |    728 |   3107 |   4015 |   5 | 1824.4 |
         Swamp |   4723 |   4488 |    235 |   2021 |   1415 |   4 | 1180.8 |
   Spider Nest |   9717 |   8880 |    837 |   4584 |   2507 |   4 | 2429.2 |
  Orcish Mines |   3173 |   2831 |    342 |    797 |    958 |   2 | 1586.5 |
   Elven Halls |    265 |    265 |      0 |    242 |      0 |   1 |  265.0 |
        Vaults |     12 |     12 |      0 |      0 |      0 |   1 |   12.0 |
               +--------+--------+--------+--------+--------+-----+--------+

Top non-repeatable levels by time:
Spider:1: 3654 daAuts
  Lair:2: 2995 daAuts
Spider:3: 2475 daAuts
   Orc:2: 2199 daAuts
  Lair:5: 2076 daAuts
Spider:2: 1838 daAuts
  Lair:1: 1796 daAuts
     D:6: 1776 daAuts
Spider:4: 1748 daAuts
     D:9: 1553 daAuts
    D:15: 1480 daAuts
    D:10: 1463 daAuts
    D:11: 1406 daAuts
     D:5: 1371 daAuts
     D:7: 1362 daAuts
